 Dungeon Crawl Stone Soup version 0.30.0-29-ga12c61a403 (webtiles) character file.

Game seed: 1140592642459237355

21035 cheesebisquit the Blocker (level 12, 0/131 HPs)
             Began as a Troll Fighter on June 16, 2023.
             Was a High Priest of Wu Jian.
             Slain by a sphinx (4 damage)
             ... summoned by Kirke
             ... on level 12 of the Dungeon.
             The game lasted 00:36:06 (11777 turns).

cheesebisquit the Blocker (Troll Fighter)          Turns: 11777, Time: 00:36:07

Health: 0/131      AC:  8    Str: 27    XL:     12   Next: 50%
Magic:  11/11      EV: 11    Int: 11    God:    Wu Jian [*****.]
Gold:   913        SH: 19    Dex:  9    Spells: 11/11 levels left

rFire   . . .        m - +11 war axe "Kiviekhloawk" {elec, Int+3}
rCold   . . .        C - +3 kite shield
rNeg    . . .        p - +2 robe {Will+}
rPois   .            (helmet restricted)
rElec   .            n - +1 cloak
rCorr   .            (gloves unavailable)
SInv    .            (boots unavailable)
Will    +....        G - amulet of reflection
Stlth   +            u - ring of flight
HPRegen 1.21/turn    (no ring)
MPRegen 0.12/turn

%: reflection
@: flying, hasted, very quick
A: large, unfitting armour, claws 3, regeneration 1, shaggy fur 1, tough skin 1
a: Renounce Religion, Wall Jump, Serpent's Lash, Heavenly Storm


You were on level 12 of the Dungeon.
You worshipped Wu Jian.
Wu Jian was extremely pleased with you.
You visited 2 branches of the dungeon, and saw 13 of its levels.

You collected 1155 gold pieces.
You spent 242 gold pieces at shops.

Inventory:

Hand Weapons
 m - the +11 war axe "Kiviekhloawk" (weapon) {elec, Int+3}
   (You found it on level 2 of the Dungeon)

   Int:       It affects your intelligence (+3).
 A - a +1 giant spiked club
 F - the +10 mace of Ymael {freeze, rN+ Int-3 Stlth+}
   (You took it off a kobold on level 8 of the Dungeon)

   Int:       It affects your intelligence (-3).
   rN:        It protects you from negative energy.
   Stlth:     It makes you more stealthy.
Missiles
 h - 14 poisoned darts (quivered)
 r - 15 boomerangs
Armour
 n - a +1 cloak (worn)
 p - a +2 robe of willpower (worn)
 y - a +0 kite shield of positive energy
 C - a +3 kite shield (worn)
 H - a scarf of resistance
 K - +0 acid dragon scales
Jewellery
 l - an amulet of regeneration
 u - a ring of flight (left claw)
 G - an amulet of reflection (around neck)
Wands
 e - a wand of digging (1)
 t - a wand of flame (35)
 L - a wand of iceblast (5)
 M - a wand of charming (5)
Scrolls
 g - a scroll of teleportation
 i - 2 scrolls of poison
 j - a scroll of acquirement {unknown}
 o - a scroll of noise {unknown}
 s - 2 scrolls of vulnerability
 x - a scroll of silence {unknown}
 z - 2 scrolls of immolation
 B - a scroll of torment {unknown}
 D - a scroll of brand weapon {unknown}
 E - 2 scrolls of amnesia
 I - a scroll of fear {unknown}
Potions
 a - 2 potions of magic
 b - 2 potions of resistance
 c - 2 potions of flight
 d - 3 potions of brilliance
 f - 9 potions of curing
 k - 9 potions of ambrosia
 q - 2 potions of attraction
 v - a potion of haste
 w - a potion of cancellation
 J - a potion of might


   Skills:
 + Level 11.7 Fighting
 + Level 7.7 Dodging
 + Level 12.7 Shields
 - Level 3.0 Unarmed Combat


You had 11 spell levels left.
You didn't know any spells.
Your spell library contained the following spells:

 Spells                   Type           Power      Damage    Failure   Level
 Beastly Appendage        Tmut           0%         N/A       47%         1
 Shock                    Conj/Air       0%         1d3       47%         1
 Slow                     Hex            0%         N/A       47%         1
 Sting                    Tmut/Pois      0%         1d3       47%         1
 Ensorcelled Hibernation  Hex/Ice        0%         N/A       63%         2
 Passwall                 Tmut/Erth      0%         N/A       63%         2
 Poisonous Vapours        Pois/Air       0%         N/A       63%         2
 Wereblood                Tmut           0%         N/A       63%         2
 Confusing Touch          Hex            0%         N/A       85%         3
 Frozen Ramparts          Ice            0%         1d1       85%         3
 Gell's Gravitas          Tloc           0%         N/A       85%         3
 Spider Form              Tmut/Pois      0%         N/A       85%         3
 Swiftness                Air            0%         N/A       85%         3
 Teleport Other           Tloc           0%         N/A       85%         3
 Vampiric Draining        Necr           0%         2d6       85%         3
 Airstrike                Air            0%         2d(0-16)  99%         4
 Ice Form                 Ice/Tmut       0%         N/A       99%         4
 Olgreb's Toxic Radiance  Pois           0%         N/A       99%         4
 Summon Ice Beast         Ice/Summ       0%         N/A       99%         4
 Dispersal                Tloc           0%         N/A       100%        6
 Chain Lightning          Conj/Air       0%         N/A       100%        9
 Fire Storm               Conj/Fire      0%         5d1       100%        9
 Shatter                  Erth           0%         3d5*      100%        9


Dungeon Overview and Level Annotations

Branches:
Dungeon (12/15)            Temple (1/1) D:6            Lair (0/5) D:10
    Orc: D:9-12

Altars:
Ashenzari
Cheibriados
Dithmenos
Elyvilon
Fedhas
Gozag
Hepliaklqana
Kikubaaqudgha
Makhleb
Nemelex Xobeh
Okawaru
Qazlal
Ru
Sif Muna
Trog
Uskayaw
Vehumet
Wu Jian
Xom
Yredelemnul
Zin
The Shining One

Shops:
D:2 *   D:7 *

Annotations:
D:12 Kirke


Innate Abilities, Weirdness & Mutations

You are too large for most types of armour.
You have claws for hands.
Your natural rate of healing is unusually fast.
You are covered in fur. (AC +1)
You have tough skin. (AC +1)


Message History

The sphinx is heavily wounded.
You block the sphinx's attack. The sphinx closely misses you.
You block the sphinx's attack. The hog bites you but does no damage.
You spin and attack the hog.
You slash the hog!
The hog is moderately wounded.
You spin and attack the sphinx.
You slash the sphinx! Lightning courses through the sphinx!!
The sphinx is severely wounded.
The sphinx casts a spell.
You resist with some effort. You block the hog's attack.
You spin and attack the hog.
You hit the hog.
The hog is heavily wounded.
You block the hog's attack. x2
You spin and attack the hog.
You hit the hog.
The hog is lightly wounded.
You spin and attack the hog.
You slice the hog!!
The hog is almost dead.
You block the hog's attack. The hog bites you.
The sphinx mumbles some strange words.
Something smites you! The hog bites you! The hog closely misses you.
You spin to attack the hog, but your attack speed is too slow for a blow to land.
You block the hog's attack. x2
You spin to attack the hog, but your attack speed is too slow for a blow to land.
You spin and attack the sphinx.
You slash the sphinx!
The sphinx is almost dead.
The sphinx hits you! The sphinx barely misses you.
You block the sphinx's attack. The hog bites you.
* * * LOW HITPOINT WARNING * * *
You block the sphinx's attack. The sphinx hits you!
* * * LOW HITPOINT WARNING * * *
The sphinx hits you.
* * * LOW HITPOINT WARNING * * *
You feel yourself speed up. The hog bites you.
* * * LOW HITPOINT WARNING * * *
The hog barely misses you. You block something's attack. The sphinx hits you!
* * * LOW HITPOINT WARNING * * *
The sphinx hits you!
* * * LOW HITPOINT WARNING * * *
The sphinx hits you.
You die...

##.......
#........
......... ...
........# #.. ..
........# .......
#......###.#.....
#........#.#.....
#.#hh@.......##
#.#.hH.†......#
##..h.)).....#
#............#
##...........##
#......$.....#
##.............
##.......#....
##.......^..#


You could see a sphinx (summoned) and 4 hogs.

Vanquished Creatures
  A hydra (D:11)
  3 two-headed ogres (D:11)
  3 tengu warriors
  Pikel (D:7)
  A wizard (D:11)
  An ugly thing (D:11)
  2 manticores (D:8)
  A gargoyle (D:12)
  Maggie (D:8)
  4 komodo dragons
  4 trolls
  5 large abominations (D:11)
  A queen bee (D:9)
  Grinder (D:6)
  Sigmund (D:2)
  2 hogs (D:12)
  4 wraiths
  2 vampires (D:10)
  A hog (shapeshifter) (D:8)
  10 yaks
  2 basilisks (D:10)
  5 wyverns
  A vampire mosquito (D:11)
  A steam dragon (D:10)
  6 small abominations
  Duvessa (D:7)
  3 acid dragons
  5 water moccasins
  10 orc warriors
  An ice beast (D:8)
  A black bear (D:6)
  An ogre (D:5)
  3 centaurs
  2 kobold brigands (D:8)
  4 bullfrogs
  4 gnoll sergeants
  2 scorpions (D:5)
  A wight (D:7)
  Dowan (D:7)
  27 killer bees
  4 electric eels
  6 howler monkeys
  3 gnoll boudas
  5 jellies
  3 hounds
  Crazy Yiuf (D:2)
  9 orc priests
  5 iguanas
  11 orc wizards
  Terence (D:3)
  21 gnolls
  3 adders
  A shadow imp (D:5)
  2 white imps
  2 ufetubi
  5 worms
  53 orcs
  3 endoplasms
  7 giant cockroaches
  9 goblins
  6 hobgoblins
  2 jackals (D:2)
  2 quokkas (D:4)
  4 ball pythons
  3 bats
  2 frilled lizards
  11 kobolds
  10 rats
324 creatures vanquished.

Notes
Turn   | Place    | Note
-------+----------+-------------------------------------------
     0 | D:1      | cheesebisquit the Troll Fighter began the quest for the
                  | Orb.
     0 | D:1      | Reached XP level 1. HP: 22/22 MP: 0/0
   179 | D:1      | Reached XP level 2. HP: 29/29 MP: 1/1
   718 | D:2      | Found a runed translucent door.
   719 | D:2      | Noticed Crazy Yiuf
   797 | D:2      | Reached skill level 3 in Shields
   852 | D:2      | Reached XP level 3. HP: 36/36 MP: 2/2
   908 | D:2      | Found a shimmering altar of Xom.
   939 | D:2      | Found Luetou Egat's General Store.
   946 | D:2      | Identified the +11 war axe "Kiviekhloawk" {elec, Int+3}
  1311 | D:2      | Noticed Sigmund
  1324 | D:2      | Killed Sigmund
  1325 | D:2      | Reached skill level 4 in Shields
  1325 | D:2      | Reached XP level 4. HP: 32/48 MP: 3/3
  1325 | D:2      | Reached XP level 5. HP: 36/54 MP: 4/4
  1471 | D:2      | Killed Crazy Yiuf
  1578 | D:3      | Reached XP level 6. HP: 50/62 MP: 5/5
  1789 | D:3      | Noticed Terence
  1794 | D:3      | Killed Terence
  1982 | D:4      | Reached skill level 5 in Shields
  2885 | D:5      | Entered Level 5 of the Dungeon
  2945 | D:5      | You are sucked into a shaft and drop 1 floor!
  3134 | D:5      | Reached XP level 7. HP: 70/71 MP: 6/6
  3142 | D:5      | Found a blossoming altar of Fedhas.
  3210 | D:5      | Reached skill level 5 in Fighting
  3786 | D:6      | Reached skill level 6 in Shields
  3801 | D:6      | Found a burning altar of Makhleb.
  4037 | D:6      | Noticed Grinder
  4041 | D:6      | Killed Grinder
  4042 | D:6      | Reached XP level 8. HP: 70/83 MP: 7/7
  4094 | D:6      | Found a shimmering blue altar of Sif Muna.
  4345 | D:6      | Found a staircase to the Ecumenical Temple.
  4361 | D:6      | Reached skill level 7 in Shields
  4363 | Temple   | Entered the Ecumenical Temple
  4556 | Temple   | Became a worshipper of the Wu Jian Council
  5179 | D:7      | Reached skill level 8 in Shields
  5179 | D:7      | Reached XP level 9. HP: 59/93 MP: 8/8
  5226 | D:7      | Noticed Dowan
  5228 | D:7      | Noticed Duvessa
  5229 | D:7      | Killed Dowan
  5236 | D:7      | Killed Duvessa
  5297 | D:7      | Reached * piety under Wu Jian
  5350 | D:7      | Found a basalt altar of Yredelemnul.
  5390 | D:7      | Found a shadowy altar of Dithmenos.
  5496 | D:7      | Found Nypnauxt's Assorted Antiques.
  5496 | D:7      | Noticed Pikel
  5509 | D:7      | Killed Pikel
  5510 | D:7      | Reached skill level 9 in Shields
  5518 | D:7      | Bought a scroll labelled NIBBANWYVYZ for 22 gold pieces
  5518 | D:7      | Bought a potion of curing for 66 gold pieces
  5518 | D:7      | Bought 2 scrolls of identify for 88 gold pieces
  5518 | D:7      | Bought a scroll of identify for 44 gold pieces
  5518 | D:7      | Bought a scroll labelled VITHAIN KICE for 22 gold pieces
  5924 | D:8      | Noticed a manticore
  5924 | D:8      | Noticed a tengu warrior
  5946 | D:8      | Reached XP level 10. HP: 72/106 MP: 9/9
  6137 | D:8      | Reached skill level 10 in Shields
  6169 | D:8      | Reached ** piety under Wu Jian
  6353 | D:8      | Killed a tengu warrior
  6358 | D:8      | Killed a manticore
  6372 | D:8      | Noticed a manticore
  6383 | D:8      | Killed a manticore
  6532 | D:8      | Found a radiant altar of Vehumet.
  7168 | D:8      | Identified the +10 mace of Ymael {freeze, rN+ Int-3 Stlth+}
  7594 | D:9      | Reached skill level 10 in Fighting
  7785 | D:9      | Reached XP level 11. HP: 105/117 MP: 10/10
  7887 | D:9      | Reached skill level 11 in Shields
  7911 | D:9      | Reached *** piety under Wu Jian
  8171 | D:9      | Noticed Maggie
  8319 | D:8      | Killed Maggie
  8387 | D:9      | Reached skill level 5 in Dodging
  8418 | D:10     | Entered Level 10 of the Dungeon
  9071 | D:10     | Reached **** piety under Wu Jian
  9609 | D:10     | Found a staircase to the Lair.
  9943 | D:11     | Noticed a two-headed ogre
  9957 | D:11     | Killed a two-headed ogre
 10130 | D:11     | Noticed a two-headed ogre
 10137 | D:11     | Noticed a tengu warrior
 10143 | D:11     | Killed a two-headed ogre
 10143 | D:11     | Noticed a tengu warrior
 10144 | D:11     | Reached skill level 12 in Shields
 10148 | D:11     | Noticed a seven-headed hydra
 10148 | D:11     | Killed a tengu warrior
 10322 | D:11     | Noticed a two-headed ogre
 10333 | D:11     | Killed a two-headed ogre
 10334 | D:11     | Reached XP level 12. HP: 89/130 MP: 11/11
 10467 | D:11     | Killed a tengu warrior
 10683 | D:10     | Reached ***** piety under Wu Jian
 11091 | D:11     | Killed a seven-headed hydra
 11248 | D:11     | Found the +15 Maxwell's patent armour {-Cast -Tele rElec
                  | Will+ rCorr}
 11541 | D:11     | Noticed a six-headed hydra
 11541 | D:11     | Noticed a boulder beetle
 11760 | D:12     | Noticed Kirke
 11768 | D:12     | Noticed a sphinx
 11777 | D:12     | HP: 4/131 [sphinx[Kirke] (9)]
 11777 | D:12     | Slain by a sphinx

Illustrated notes

Levels and vault maps discovered:
D:1:      lemuel_arrival_river_ford, layout_loops_ring, serial_bayou_pond_c,
          kennysheep_decorative_pillar, minmay_misc_feat_enclosed
D:2:      layout_loops_ring, serial_shops, shop, basic_altar,
          minmay_misc_feat_cross, uniq_crazy_yiuf_cottage, uniq_sigmund
D:3:      layout_rooms, uniq_terence
D:4:      layout_gridville
D:5:      layout_loops_ring, fedhas_altar_2, chequers_arboretum
D:6:      layout_loops_corners, general_overflow_altar, bloody_makhleb,
          minmay_temple_entry_purple_smoke, nrook_loot_triangle,
          minmay_misc_feat_chi, uniq_grinder
D:7:      minmay_s_stair_smasher, layout_cave_pods,
          mainiacjoe_overflow_catch_the_wave, serial_shops, shop, uniq_pikel,
          uniq_duvessa
D:8:      layout_basic, amcnicky_altar_gilded, minmay_shattered_shrine
D:9:      layout_roguey, special_room [special_room_bee],
          grunt_decor_mini_mirrors, uniq_maggie
D:10:     layout_roguey [special_room_orc], erik_lair_dragon, serial_bayou,
          serial_bayou_pond_c, serial_bayou_shore_a, serial_bayou_lagoon_a,
          serial_bayou_crossing, serial_bayou_shore_b
D:11:     hangedman_cross_veins, layout_irregular_city,
          dreamdust_deal_with_the_devil, chequers_serial_rivers_small_3,
          grunt_decor_arrowhead, chequers_serial_rivers_small_3, laboratory
D:12:     layout_cave_pools, erik_orc_1, uniq_kirke
Temple:   regret_index_temple_sphere_string

Skill      XL: |  1  2  3  4  5  6  7  8  9 10 11 12 |
---------------+-------------------------------------+-----
Shields        | 3 4 5 6 8 9 10 12 | 12.7
Unarmed Combat | 3 |  3.0
Fighting       | 3 4 6 7 8 10 11 | 11.7
Dodging        | 4 6 7 |  7.7

Action                     |  1- 3 |  4- 6 |  7- 9 | 10-12 || total
---------------------------+-------+-------+-------+-------++-------
  Melee: Unarmed           |    90 |       |       |    22 ||   112
         War axe           |    21 |    58 |   177 |   487 ||   743
         Mace              |       |       |       |    15 ||    15
  Throw: Dart              |     2 |       |    15 |    38 ||    55
Ability: Lunge             |       |       |     9 |    13 ||    22
         Whirlwind         |       |       |     3 |    21 ||    24
  Evoke: Wand              |       |       |       |    11 ||    11
    Use: Potion            |       |     1 |       |    11 ||    12
         Scroll            |       |     6 |    13 |     7 ||    26
   Stab: Sleeping          |     2 |       |       |       ||     2
 Armour: Robe              |    31 |    12 |    66 |   136 ||   245
         Skin              |       |       |       |    20 ||    20
  Dodge: Dodged            |    39 |    20 |    73 |   204 ||   336
  Block: Kite shield       |    33 |    17 |   117 |   647 ||   814
         Reflection        |       |       |       |     5 ||     5
         Other             |       |       |       |     2 ||     2
